 Dungeon Crawl Stone Soup version 0.30-a0-930-gb9d0489357 (webtiles) character file.

Game seed: 3422036168740765693

85 DeathPants the Cutter (level 4, 0/24 HPs)
             Began as a Vine Stalker Monk on Mar 23, 2023.
             Slain by a gnoll
             ... wielding a +0 spear
              (5 damage)
             ... on level 3 of the Dungeon.
             The game lasted 00:05:23 (1473 turns).

DeathPants the Cutter (Vine Stalker Monk)           Turns: 1473, Time: 00:05:24

Health: 0/24       AC:  2    Str: 13    XL:     4   Next: 48%
Magic:  0/5        EV: 13    Int: 12    God:
Gold:   109        SH:  0    Dex: 23    Spells: 3/3 levels left

rFire   . . .      SeeInvis .    a - +1 short sword (freeze)
rCold   . . .      Faith    .    (no shield)
rNeg    . . .      Spirit   +    b - +0 robe
rPois   .          Reflect  .    (no helmet)
rElec   .          Rampage  .    (no cloak)
rCorr   .                        (no gloves)
Will    .....                    (no boots)
Stlth   +++                      (no amulet)
HPRegen 1.04/turn                i - +6 ring of dexterity
MPRegen 0.09/turn                (no ring)

@: no status effects
A: fangs 2, regeneration 1, magic shield, antimagic bite, no potion heal 2
a: no special abilities


You were on level 3 of the Dungeon.
You visited 1 branch of the dungeon, and saw 3 of its levels.

You collected 109 gold pieces.

Inventory:

Hand Weapons
 a - a +1 short sword of freezing (weapon)
Armour
 b - a +0 robe (worn)
Jewellery
 i - a +6 ring of dexterity (left hand)
Scrolls
 d - 2 scrolls of identify
 e - a scroll of teleportation
 h - a scroll of magic mapping {unknown}
 j - a scroll of amnesia {unknown}
 k - a scroll of noise {unknown}
Potions
 c - a potion of ambrosia
 g - a potion of resistance


   Skills:
 + Level 3.2 Fighting
 * Level 3.5 Short Blades
 + Level 2.8 Dodging
 + Level 3.4 Stealth


You had 3 spell levels left.
You didn't know any spells.
Your spell library contained the following spells:

 Spells                   Type           Power      Damage    Failure   Level
 Sting                    Tmut/Pois      0%         1d3       32%         1
 Poisonous Vapours        Pois/Air       0%         N/A       45%         2
 Olgreb's Toxic Radiance  Pois           0%         N/A       97%         4


Dungeon Overview and Level Annotations

Branches:
Dungeon (3/15)

Altars:

Shops:
D:1 *


Innate Abilities, Weirdness & Mutations

You have extremely sharp teeth.
Your natural rate of healing is unusually fast.
When hurt, damage is shared between your health and your magic reserves.
Your bite disrupts and absorbs the magic of your enemies.
Potions cannot restore your health.


Message History

Items here: ) ††††. 2 gnolls come into view.
The gnoll shouts! x2; You hear a shout! x2
The gnoll moves out of view.
The bat closely misses you. The bat closely misses you.
Items here: ) ††††.
The bat closely misses you. The bat barely misses you.
The gnoll closely misses you.
The gnoll hits you from afar with a +0 halberd!
Items here: ) ††††.
Okay, then.
Okay, then.
You hit the gnoll. You freeze the gnoll. You bite the gnoll.
You drain its power.
You feel invigorated.
The gnoll is heavily wounded.
The gnoll barely misses you. The gnoll closely misses you.
You hit the gnoll. You freeze the gnoll.
The gnoll is severely wounded.
You hit the gnoll. You freeze the gnoll.
You kill the gnoll!
The bat barely misses you.
The gnoll hits you from afar with a +0 halberd!
The bat barely misses you.
You hit the bat. You freeze the bat.
You kill the bat!
The gnoll misses you. The gnoll hits you with a +0 halberd.
The gnoll hits you from afar with a +0 spear.
You hit the gnoll but do no damage. You bite the gnoll. You drain its power.
You feel invigorated.
The gnoll is heavily wounded.
The gnoll barely misses you. The gnoll misses you.
You hit the gnoll but do no damage.
The gnoll is heavily wounded.
The gnoll hits you with a +0 halberd!
* * * LOW HITPOINT WARNING * * *
The gnoll hits you from afar with a +0 spear!
You die...

.. #..####.# ...
###..####.# ...)
#.........#
#.##.##.###
#.##.##.#
#.##....#
#.####..#
#.####..#
#.@gg)..#
#...#####.##
#.......g.####
.....##...g...###
#.####
#.##......# #
#.#.......# #
#.....#.#
#g..#.....
#.....#o##


You could see 2 gnolls.

Vanquished Creatures
  A gnoll (D:3)
  2 adders
  A worm (D:2)
  A dart slug (D:1)
  An orc (D:2)
  5 ball pythons
  An endoplasm (D:1)
  6 giant cockroaches
  6 hobgoblins
  2 jackals (D:2)
  3 quokkas
  5 bats
  2 frilled lizards
  6 goblins
  4 kobolds
  2 rats (D:2)
48 creatures vanquished.

Notes
Turn   | Place    | Note
-------+----------+-------------------------------------------
     0 | D:1      | DeathPants the Vine Stalker Monk began the quest for the
                  | Orb.
     0 | D:1      | Reached XP level 1. HP: 11/11 MP: 2/2
    57 | D:1      | Found Peinuots's Assorted Antiques.
    81 | D:1      | Reached XP level 2. HP: 8/16 MP: 3/3
   337 | D:1      | Reached XP level 3. HP: 17/19 MP: 4/4
  1058 | D:2      | Gained mutation: Your natural rate of healing is unusually
                  | fast. [Vine Stalker growth]
  1058 | D:2      | Reached XP level 4. HP: 24/24 MP: 5/5
  1473 | D:3      | Slain by a gnoll

Illustrated notes

Levels and vault maps discovered:
D:1:      minmay_arrival_up_and_down, layout_rooms, serial_shops, shop
D:2:      layout_basic, minmay_box_of_dots
D:3:      layout_loops_cross, gup_sewer_entry_bowl, grunt_ministairs_14,
          uniq_robin

Skill      XL: |  1  2  3 |
---------------+----------+-----
Short Blades   | 3 |  3.5
Stealth        | 3 |  3.4
Fighting       | 3 |  3.2
Dodging        | |  2.8

Action                     |  1- 3 |  4- 6 || total
---------------------------+-------+-------++-------
  Melee: Short sword       |    91 |    18 ||   109
         Bite              |    21 |     4 ||    25
         Punch             |     1 |       ||     1
    Use: Scroll            |       |     3 ||     3
   Stab: Sleeping          |     4 |       ||     4
 Armour: Robe              |    17 |     1 ||    18
  Dodge: Dodged            |    56 |    22 ||    78

Table legend: (Time is in decaauts)
 A = Elapsed time spent in this place.
 B = Non-inter-level travel time spent in this place.
 C = Inter-level travel time spent in this place.
 D = Time resting spent in this place.
 E = Time spent auto-exploring this place.
 F = Levels seen in this place.
 G = Mean time per level.
                   A        B        C        D        E       F      G
               +--------+--------+--------+--------+--------+-----+--------+
         Total |   1456 |   1397 |     59 |      0 |    976 |   3 |  485.3 |
       Dungeon |   1456 |   1397 |     59 |      0 |    976 |   3 |  485.3 |
               +--------+--------+--------+--------+--------+-----+--------+

Top non-repeatable levels by time:
     D:2: 795 daAuts
     D:1: 553 daAuts
     D:3: 108 daAuts
